 Dungeon Crawl Stone Soup version 0.28.0-45-g0d030f2227 (webtiles) character file.

Game seed: 2081005670024399737

84 ANNNA the Stinger (level 4, 0/24 HPs)
             Began as a Deep Elf Venom Mage on Apr 1, 2022.
             Slain by a ball python (2 damage)
             ... on level 2 of the Dungeon.
             The game lasted 00:04:30 (1558 turns).

ANNNA the Stinger (Deep Elf Venom Mage)             Turns: 1558, Time: 00:04:31

Health: 0/24       AC:  2    Str:  7    XL:     4   Next: 24%
Magic:  1/11       EV: 12    Int: 20    God:
Gold:   101        SH:  0    Dex: 15    Spells: 0/10 levels left

rFire   . . .      SeeInvis .   c - +2 dagger (protect)
rCold   . . .      Faith    .   (no shield)
rNeg    . . .      Spirit   .   a - +0 robe
rPois   .          Reflect  .   (no helmet)
rElec   .          Harm     .   (no cloak)
rCorr   .          Rampage  .   (no gloves)
Will    .....                   (no boots)
Stlth   ++........              (no amulet)
HPRegen 0.08/turn               (no ring)
MPRegen 0.12/turn               (no ring)

@: no status effects
A: no striking features
a: no special abilities


You were on level 2 of the Dungeon.
You visited 1 branch of the dungeon, and saw 2 of its levels.

You collected 101 gold pieces.

Inventory:

Hand Weapons
 c - a +2 dagger of protection (weapon)
Missiles
 e - 4 poisoned darts
 g - 15 stones
Armour
 a - a +0 robe (worn)
Scrolls
 d - a scroll of vulnerability {unknown}
 f - a scroll of summoning {unknown}
Potions
 b - a potion of haste


   Skills:
 + Level 0.5 Fighting
 + Level 0.4 Short Blades
 + Level 2.6 Dodging
 + Level 2.4 Stealth
 + Level 3.7 Spellcasting
 + Level 1.4 Transmutations
 + Level 0.5 Air Magic
 + Level 4.7 Poison Magic


You couldn't memorise any spells.
You knew the following spells:

 Your Spells              Type           Power      Damage    Failure   Level
a - Sting                 Tmut/Pois      64%        1d6       3%          1
b - Poisonous Vapours     Pois/Air       28%        N/A       7%          2
c - Mephitic Cloud        Conj/Pois/Air  10%        N/A       19%         3
d - Olgreb's Toxic Radia  Pois           22%        N/A       19%         4

Your spell library contained the following spells:

 Spells                   Type           Power      Damage    Failure   Level


Dungeon Overview and Level Annotations

Branches:
Dungeon (2/15)

Altars:

Annotations:
D:2 Natasha, Terence


Message History

Casting: Sting (safe; 3% risk of failure)
Confirm with . or Enter, or press ? or * to list all spells.
Aiming: Sting (safe; 3% risk of failure)
Press: ? - help, Shift-Dir - straight line, f - ball python
Aim: a ball python (71% to hit)
Okay, then.
Casting: Sting (safe; 3% risk of failure)
Confirm with . or Enter, or press ? or * to list all spells.
You don't have enough magic to cast this spell.
The ball python bites you. The ball python grabs you.
The ball python constricts you.
You escape the ball python's grasp.
Natasha claws you. Natasha claws you.
Casting: Sting (safe; 3% risk of failure)
Confirm with . or Enter, or press ? or * to list all spells.
Aiming: Sting (safe; 3% risk of failure)
Press: ? - help, Shift-Dir - straight line, f - Natasha
Aim: Natasha (fast, 67% to hit)
The sting hits Natasha.
Natasha is poisoned.
Natasha is lightly wounded.
Natasha closely misses you.
Casting: Sting (safe; 3% risk of failure)
Confirm with . or Enter, or press ? or * to list all spells.
Aiming: Sting (safe; 3% risk of failure)
Press: ? - help, Shift-Dir - straight line, f/p - Natasha
Aim: Natasha (moderately wounded, fast, poisoned, 67% to hit)
The sting hits Natasha.
Natasha looks even sicker.
Natasha is heavily wounded.
Natasha claws you. The ball python bites you.
The ball python closely misses you.
Terence shouts, "Get ready for death!"
Natasha claws you. The ball python barely misses you.
The ball python misses you. Natasha claws you!
* * * LOW HITPOINT WARNING * * *
Natasha mumbles some strange words.
Natasha casts a spell.
The ball python bites you.
You die...

....#.####..###.##..###.......#.#
.................................
........#####.#.#.##..........##.
##......# #.....####........# .
##......######..)...#......#.....
#..)............@...#.#.###....##
..........##...h.5......###...##
....###.........S.....##...>#..#
.#..............@5.......####....
.#..## .###.............# ... ..
## #........)##...(. .. .#.
#.........<.#.#... ..
#................#
#..........##.#... #..........#
...## ............# ...#
............# ...


You could see Terence, Natasha (fast, poisoned), 2 crimson imps and a ball
python.

Vanquished Creatures
  Natasha (D:2)
  An adder (D:2)
  3 dart slugs (D:1)
  7 ball pythons (D:1)
  2 endoplasms
  2 giant cockroaches (D:1)
  6 goblins
  3 hobgoblins
  A quokka (D:1)
  5 bats
  3 frilled lizards
  7 kobolds
  3 rats
44 creatures vanquished.

Notes
Turn   | Place    | Note
-------+----------+-------------------------------------------
     0 | D:1      | ANNNA the Deep Elf Venom Mage began the quest for the Orb.
     0 | D:1      | Reached XP level 1. HP: 10/10 MP: 6/6
   134 | D:1      | Reached XP level 2. HP: 15/15 MP: 6/8
   137 | D:1      | Learned a level 2 spell: Poisonous Vapours
   646 | D:1      | Reached XP level 3. HP: 20/20 MP: 6/9
   650 | D:1      | Learned a level 3 spell: Mephitic Cloud
   738 | D:1      | Reached skill level 4 in Poison Magic
  1368 | D:2      | Noticed Natasha
  1374 | D:2      | Killed Natasha
  1375 | D:2      | Reached XP level 4. HP: 17/24 MP: 7/11
  1380 | D:2      | Learned a level 4 spell: Olgreb's Toxic Radiance
  1521 | D:2      | Noticed Terence
  1528 | D:2      | Noticed Natasha
  1558 | D:2      | Slain by a ball python

Illustrated notes

Levels and vault maps discovered:
D:1:      dpeg_arrival_arbitrary_c, layout_basic, minmay_misc_feat_iff
D:2:      layout_rooms, uniq_natasha, uniq_terence

Skill      XL: |  1  2  3 |
---------------+----------+-----
Poison Magic   | 4 |  4.7
Fighting       | |  0.5
Short Blades   | |  0.4
Dodging        | |  2.6
Stealth        | |  2.4
Spellcasting   | |  3.7
Transmutations | |  1.4
Air Magic      | |  0.5

Action                   |  1- 3 |  4- 6 || total
-------------------------+-------+-------++-------
Melee: Dagger            |    28 |     2 ||    30
       Punch             |     1 |       ||     1
 Cast: Sting             |    45 |     4 ||    49
       Poisonous Vapours |    14 |     4 ||    18
       Mephitic Cloud    |       |     1 ||     1
Armor: Robe              |    10 |       ||    10
Dodge: Dodged            |    34 |     8 ||    42
